 Dungeon Crawl Stone Soup version 0.29.0-5-ge4962eb29e (webtiles) character file.

Game seed: 9739608396734576773

1412 Anothat the Shield-Bearer (level 9, -6/69 HPs)
             Began as a Formicid Fighter on Aug 28, 2022.
             Mangled by Duvessa
             ... wielding a +0 short sword
              (17 damage)
             ... on level 5 of the Dungeon.
             The game lasted 00:09:37 (5040 turns).

Anothat the Shield-Bearer (Formicid Fighter)        Turns: 5040, Time: 00:09:38

Health: -6/69      AC: 10    Str: 25 (26) XL:     9   Next: 2%
Magic:  9/9        EV:  9    Int:  5 (7)  God:
Gold:   297        SH:  5    Dex: 12 (13) Spells: 8/8 levels left

rFire   . . .      SeeInvis +   k - +1 scythe (protect)
rCold   . . .      Faith    .   c - +0 buckler
rNeg    . . .      Spirit   .   b - +0 scale mail
rPois   .          Reflect  .   (helmet unavailable)
rElec   .          Harm     .   l - +0 cloak
rCorr   .          Rampage  .   d - +0 pair of gloves
Will    .....                   (no boots)
Stlth   ..........              (no amulet)
HPRegen 0.21/turn               (no ring)
MPRegen 0.11/turn               (no ring)

@: brilliant
A: permanent stasis, dig shafts and tunnels, antennae 3, four strong arms
a: Dig, Shaft Self


You were on level 5 of the Dungeon.
You visited 1 branch of the dungeon, and saw 5 of its levels.

You collected 297 gold pieces.

Inventory:

Hand Weapons
 a - a +1 war axe of flaming
 k - a +1 scythe of protection (weapon)
Missiles
 f - 2 javelins
Armour
 b - a +0 scale mail (worn)
 c - a +0 buckler (worn)
 d - a +0 pair of gloves (worn)
 l - a +0 cloak (worn)
Jewellery
 i - a +6 ring of strength
 j - the ring of Touhua {rC+ Str+4 Slay+2}
   (You found it on level 2 of the Dungeon)

   [ring of protection from cold]

   Str:       It affects your strength (+4).
   Slay:      It affects your accuracy & damage with ranged weapons and melee
   (+2).
   rC:        It protects you from cold.
 o - a +4 ring of evasion
Scrolls
 e - 3 scrolls of teleportation
 h - 2 scrolls of identify
 s - a scroll of enchant weapon
Potions
 q - 4 potions of lignification


   Skills:
 + Level 6.0 Fighting
 - Level 4.7(5.6) Axes
 * Level 4.6(5.6) Polearms
 + Level 6.1 Armour
 + Level 7.3 Shields


You had 8 spell levels left.
You didn't know any spells.
Your spell library contained the following spells:

 Spells                   Type           Power      Damage    Failure   Level
 Gell's Gravitas          Tloc           0%         N/A       99%         3
 Teleport Other           Tloc           0%         N/A       99%         3
 Dispersal                Tloc           0%         N/A       100%        6


Dungeon Overview and Level Annotations

Branches:
Dungeon (5/15)
 Temple: D:4-7

Altars:
Xom

Shops:
D:2 (

Annotations:
D:5 Duvessa


Innate Abilities, Weirdness & Mutations

You cannot be hasted, slowed, berserked, paralysed or teleported.
You can dig through walls and to a lower floor.
You have a pair of large antennae on your head. (SInv)
Your four strong arms can wield two-handed weapons with a shield.


Message History

The orc wizard flickers and vanishes for a moment.
Duvessa completely misses you.
You hear a shout!
You hit Duvessa.
Your weapon exudes an aura of protection.
Duvessa is lightly wounded.
You feel your willpower return. Duvessa hits you but does no damage.
Duvessa hits you with a +0 short sword.
The orc wizard gestures at you while chanting.
The magic dart hits you but does no damage.
You hear a shout!
Duvessa hits you with a +0 short sword! Duvessa attacks as you move away!
Duvessa hits you with a +0 short sword.
Duvessa rages.
You block Duvessa's attack.
You hear a shout!
Duvessa attacks as you move away! Duvessa hits you but does no damage.
Duvessa rages.
Duvessa hits you with a +0 short sword! Duvessa attacks as you move away!
Duvessa hits you with a +0 short sword! Duvessa attacks as you move away!
You block Duvessa's attack. Duvessa hits you with a +0 short sword!
Duvessa attacks as you move away! Duvessa hits you with a +0 short sword!
* * * LOW HITPOINT WARNING * * *
Found a stone staircase leading down.
Okay, then.
Okay, then.
You aren't carrying any items that you can evoke.
Okay, then.
Okay, then.
It was a potion of degeneration.
There was something very wrong with that liquid.
You feel weakened.
You feel dopey.
You feel clumsy. Duvessa hits you with a +0 short sword.
* * * LOW HITPOINT WARNING * * *
Duvessa misses you.
It was a potion of brilliance.
You feel clever all of a sudden. Duvessa hits you with a +0 short sword!
You die...

##................## ****#.$..
########.##...#...#**##,.......
**** #..####...#.##...,..#....
,..######.######...........##....
...#..................#.,##*#)...
.............####.#####*,** #..[.
...#.........###..# ***,,**###..
,............##o.#####.>,,,,,,,,,
,,,#...........e@......#,,,>,,,**
***#......o....#########,,,,,,**,
***#.........### *,,,,,,**,
,,*#.........# *********,
.....######### *****************,
..##************,,,,,,,,,,,,,,,,,
.,,,,,,,,,,,,,,,,***************,
,,**************** *, ,,* *,


You could see Duvessa (berserk), an orc wizard (invisible) and an orc.

Vanquished Creatures
  Grinder (D:5)
  Sigmund (D:4)
  A black bear (D:5)
  A sky beast (D:5)
  An ogre (D:5)
  A centaur (D:5)
  3 scorpions
  Dowan (D:5)
  3 howler monkeys
  A jelly (D:4)
  A hound (D:4)
  2 iguanas
  An orc wizard (D:5)
  Robin (D:4)
  4 gnolls
  9 adders
  An ufetubus (D:4)
  4 worms
  8 orcs
  4 endoplasms
  4 giant cockroaches
  16 goblins
  8 hobgoblins
  4 jackals (D:1)
  5 kobolds
  5 quokkas
  7 ball pythons
  7 bats
  3 frilled lizards
  2 rats
110 creatures vanquished.

Notes
Turn   | Place    | Note
-------+----------+-------------------------------------------
     0 | D:1      | Anothat the Formicid Fighter began the quest for the Orb.
     0 | D:1      | Reached XP level 1. HP: 18/18 MP: 1/1
   103 | D:1      | Reached XP level 2. HP: 24/24 MP: 2/2
   636 | D:1      | Reached XP level 3. HP: 29/29 MP: 3/3
   817 | D:2      | Identified the ring of Touhua {rC+ Str+4 Slay+2}
   897 | D:2      | Found Dytel's Antique Weapon Shop.
   929 | D:2      | Reached XP level 4. HP: 35/37 MP: 4/4
  1505 | D:3      | Reached XP level 5. HP: 16/42 MP: 5/5
  2498 | D:4      | Reached skill level 5 in Shields
  2498 | D:4      | Reached XP level 6. HP: 34/48 MP: 6/6
  2922 | D:4      | Noticed Sigmund
  2970 | D:4      | Killed Sigmund
  2971 | D:4      | Reached XP level 7. HP: 36/55 MP: 7/7
  3268 | D:4      | Found a shimmering altar of Xom.
  3459 | D:4      | Reached skill level 1 in Polearms
  3558 | D:4      | Reached skill level 5 in Armour
  3566 | D:4      | Reached skill level 5 in Fighting
  3566 | D:4      | Reached skill level 6 in Shields
  3758 | D:4      | Noticed Robin
  3759 | D:4      | Killed Robin
  4044 | D:5      | Entered Level 5 of the Dungeon
  4162 | D:5      | Reached XP level 8. HP: 34/62 MP: 8/8
  4320 | D:5      | Noticed Grinder
  4346 | D:5      | Killed Grinder
  4709 | D:5      | Reached skill level 7 in Shields
  4713 | D:5      | Noticed Dowan
  4716 | D:5      | Killed Dowan
  4724 | D:5      | Reached XP level 9. HP: 37/69 MP: 9/9
  5026 | D:5      | Noticed Duvessa
  5040 | D:5      | Mangled by Duvessa

Illustrated notes

Levels and vault maps discovered:
D:1:      tarquinn_simple_flora_water_e, layout_loops_cross,
          shapermc_ecumenical_altar_petra
D:2:      layout_rooms, serial_shops, shop_statue
D:3:      layout_basic
D:4:      layout_basic, kennysheep_mini_moat, st_stairs_3,
          minmay_misc_feat_pillars, uniq_robin, uniq_sigmund
D:5:      layout_rooms, lemuel_round_altar, serial_glass, glass_columns_a,
          glass_columns_c, gup_sewer_entry_bubbles, kb_lookout_dungeons_type,
          uniq_grinder, uniq_duvessa

Skill      XL: |  1  2  3  4  5  6  7  8 |
---------------+-------------------------+-----
Axes           | 3 4 |  4.7
Armour         | 4 5 6 |  6.1
Fighting       | 4 5 6 |  6.0
Shields        | 5 6 7 |  7.3
Polearms       | 2 4 |  4.6

Action                   |  1- 3 |  4- 6 |  7- 9 || total
-------------------------+-------+-------+-------++-------
Melee: War axe           |    64 |   136 |       ||   200
       Halberd           |       |       |   175 ||   175
  Use: Potion            |     2 |     3 |     2 ||     7
       Scroll            |       |     5 |     4 ||     9
 Stab: Invisible         |       |     1 |       ||     1
Armor: Scale mail        |    56 |    64 |   104 ||   224
       Skin              |       |     1 |       ||     1
Dodge: Dodged            |    39 |    60 |    75 ||   174
Block: Buckler           |    24 |    39 |    56 ||   119
